 Dungeon Crawl Stone Soup version 0.20.1-1-g8b1a95d (webtiles) character file.

2357 vishdafish the Archer (level 9, -2/74 HPs)
             Began as a Centaur Hunter on July 7, 2017.
             Was a Believer of Okawaru.
             Slain by a hornet (10 damage)
             ... while paralysed by a hornet
             ... on level 7 of the Dungeon.
             The game lasted 00:10:50 (7083 turns).

vishdafish the Archer (Centaur Hunter)              Turns: 7083, Time: 00:10:50

Health: -2/74      AC:  7    Str: 16    XL:     9   Next: 20%
Magic:  9/9        EV:  1    Int: 10    God:    Okawaru [**....]
Gold:   344        SH:  0    Dex: 17    Spells: 8/8 levels left

rFire    . . .     SeeInvis .   y - +1 spear (venom)
rCold    . . .     Gourm    .   (no shield)
rNeg     . . .     Faith    .   c - +0 leather armour
rPois    .         Spirit   .   u - +0 helmet (curse)
rElec    .         Reflect  .   A - +0 cloak
rCorr    .         Harm     .   (no gloves)
MR       .....                  (no barding)
Stlth    +.........             (no amulet)
Regen    0.3/turn               C - +5 ring of dexterity
MPRegen  0.2/turn               J - +1 ring of slaying

@: paralysed, lethally poisoned (-2 -> -6), slowed, very quick
A: hooves 3, deformed body, speed 2, tough skin 3
a: Heroism, Renounce Religion


You were on level 7 of the Dungeon.
You worshipped Okawaru.
Okawaru was pleased with you.
You were not hungry.

You visited 2 branches of the dungeon, and saw 8 of its levels.

You collected 344 gold pieces.

Inventory:

Hand Weapons
 a - a +1 shortbow
 y - a +1 spear of venom (weapon)
Missiles
 d - 71 arrows
Armour
 c - a +0 leather armour (worn)
 u - a cursed +0 helmet (worn)
 A - a +0 cloak (worn)
Jewellery
 C - a +5 ring of dexterity (left hand)
 E - an uncursed ring of flight
 J - a +1 ring of slaying (right hand)
Wands
 F - a wand of iceblast (3/15)
 H - a wand of random effects (15/48)
Scrolls
 b - a scroll of fear {unknown}
 e - 4 scrolls of remove curse {unknown}
 g - 3 scrolls of magic mapping {unknown}
 j - 4 scrolls of teleportation {unknown}
 l - 3 scrolls of amnesia {unknown}
 r - 8 scrolls of identify {unknown}
 v - 3 scrolls of enchant armour {unknown}
 G - a scroll of recharging {unknown}
 I - a scroll of fog {unknown}
Potions
 i - 2 potions of brilliance {unknown}
 k - 2 potions of lignification {unknown}
 m - a potion of degeneration {unknown}
 n - a potion of invisibility {unknown}
 o - a potion of ambrosia {unknown}
 p - 2 potions of mutation {unknown}
 q - 3 potions of flight {unknown}
 s - a potion of curing {unknown}
 t - a potion of might {unknown}
 z - a potion of resistance {unknown}
 B - 2 potions of heal wounds {unknown}
 D - 2 potions of berserk rage {unknown}
Comestibles
 f - 2 bread rations
 h - 2 royal jellies
 w - 3 fruits
 x - 3 meat rations


   Skills:
 + Level 5.3 Fighting
 + Level 4.0 Polearms
 * Level 10.6 Bows
 * Level 5.4 Armour
 - Level 1.4 Dodging
 - Level 0.4 Stealth


You had 8 spell levels left.
You didn't know any spells.

Dungeon Overview and Level Annotations

Branches:
Dungeon (7/15)             Temple (1/1) D:5

Altars:
Ashenzari
Cheibriados
Dithmenos
Elyvilon
Fedhas
Gozag
Hepliaklqana
Kikubaaqudgha
Makhleb
Nemelex Xobeh
Okawaru
Qazlal
Ru
Sif Muna
Trog
Uskayaw
Vehumet
Xom
Yredelemnul
Zin
The Shining One

Shops:
D:4 %   D:5 }

Annotations:
D:3 2 transporters


Innate Abilities, Weirdness & Mutations

You have hooves in place of feet.
Armour fits poorly on your strangely shaped body.
You cover ground very quickly.
You have extremely tough skin. (AC +3)


Message History

You shrug off the repeated paralysis!
You miss the hornet.
The hornet is moderately wounded.
You feel sick. The hornet stings you!
You shrug off the repeated paralysis!
The hornet stings you but does no damage.
You closely miss the hornet. You kick the hornet, but do no damage.
The hornet is moderately wounded.
You feel sick. The hornet closely misses you. The hornet stings you!
* * * LOW HITPOINT WARNING * * *
You feel as though you will be slow longer.
You hit the hornet but do no damage.
The hornet is poisoned.
The hornet is moderately wounded.
You feel sick. The hornet closely misses you. The hornet stings you!
* * * LOW HITPOINT WARNING * * *
You suddenly lose the ability to move!
You feel sick. The hornet stings you.
* * * LOW HITPOINT WARNING * * *
You feel as though you will be slow longer.
The hornet stings you!
You die...

##..(.(..... ....(......
#..(....... ...
#..(....... ##....
..(((..... ####......#
#..(...... ##.........#
#.y.......
#..........####.@.......
#............###........
#...........#.(.........
.............##(........
.............##...?.....
.............##..#......
..............#..#.(....
..............#..##.(...
.................# ..(..


You could see a hornet.

Vanquished Creatures
  2 black bears
  3 orc warriors (D:6)
  4 ice beasts
  The ghost of vishdafish the Chucker, an amateur TrHu of Okawaru (D:3)
  An ogre (D:4)
  2 phantoms
  4 centaurs
  A bullfrog (D:6)
  2 crimson imps
  A jelly (D:5)
  A hound (D:4)
  2 orc priests
  A bullfrog skeleton (D:5)
  An orc wizard (D:6)
  3 iguanas (D:6)
  5 worker ants
  2 hound zombies
  A hound skeleton (D:5)
  A worker ant zombie (D:5)
  8 gnolls
  14 adders
  A howler monkey skeleton (D:4)
  An adder skeleton (D:5)
  A worm (D:3)
  2 dart slugs (D:2)
  3 leopard geckos
  18 orcs
  2 giant cockroaches
  2 goblins (D:3)
  4 hobgoblins
  A quokka (D:2)
  3 bats
  3 frilled lizards
  7 kobolds
  A leopard gecko skeleton (D:6)
  A quokka zombie (D:6)
  6 rats
116 creatures vanquished.

Notes
Turn   | Place    | Note
-------+----------+-------------------------------------------
     0 | D:1      | vishdafish the Centaur Hunter began the quest for the Orb.
     0 | D:1      | Reached XP level 1. HP: 17/17 MP: 1/1
   186 | D:1      | Reached XP level 2. HP: 24/24 MP: 2/2
   434 | D:2      | Reached skill level 1 in Armour
   468 | D:2      | Reached XP level 3. HP: 16/29 MP: 3/3
   859 | D:2      | Reached skill level 6 in Bows
   998 | D:2      | Reached XP level 4. HP: 21/37 MP: 4/4
  1545 | D:3      | Found a transporter.
  1624 | D:3      | Found a transporter.
  1738 | D:3      | Noticed vishdafish's ghost (amateur TrHu)
  1821 | D:3      | Killed vishdafish's ghost
  1821 | D:3      | Reached XP level 5. HP: 38/44 MP: 5/5
  1956 | D:3      | Reached skill level 7 in Bows
  2936 | D:4      | Noticed an ogre
  2948 | D:4      | Killed an ogre
  2948 | D:4      | Reached skill level 1 in Polearms
  2948 | D:4      | Reached XP level 6. HP: 51/51 MP: 6/6
  3037 | D:4      | HP: 2/51 [poisoned by a worker ant]
  3365 | D:4      | Found Wedes's Food Shoppe.
  3734 | D:4      | Reached XP level 7. HP: 45/57 MP: 7/7
  3844 | D:4      | Reached skill level 8 in Bows
  4146 | D:5      | Entered Level 5 of the Dungeon
  4263 | D:5      | Found Segamm's Gadget Shop.
  4833 | D:5      | Found a blossoming altar of Fedhas.
  4871 | D:5      | Reached XP level 8. HP: 62/66 MP: 8/8
  4920 | D:5      | Found a staircase to the Ecumenical Temple.
  4928 | Temple   | Entered the Ecumenical Temple
  5038 | Temple   | Became a worshipper of Warmaster Okawaru
  5213 | D:6      | Reached skill level 9 in Bows
  5999 | D:6      | Reached * piety under Okawaru
  6263 | D:6      | Reached skill level 5 in Fighting
  6263 | D:6      | Reached skill level 10 in Bows
  6295 | D:6      | Reached skill level 5 in Armour
  6548 | D:6      | Reached XP level 9. HP: 72/74 MP: 9/9
  7054 | D:7      | Reached ** piety under Okawaru
  7076 | D:7      | Paralysed by a hornet for 2 turns
  7082 | D:7      | Paralysed by a hornet for 3 turns
  7083 | D:7      | Slain by a hornet

Skill      XL: |  1  2  3  4  5  6  7  8  9 |
---------------+----------------------------+-----
Armour         | 1 2 3 4 5 |  5.4
Bows           | 6 7 8 10 | 10.6
Fighting       | 3 4 5 |  5.3
Polearms       | 1 2 3 4 |  4.0
Dodging        | |  1.4
Stealth        | |  0.4

Action                   |  1- 3 |  4- 6 |  7- 9 || total
-------------------------+-------+-------+-------++-------
Melee: Spear             |       |    25 |   159 ||   184
       Kick              |       |     4 |    51 ||    55
 Fire: Shortbow          |   105 |   133 |   157 ||   395
  Eat: Chunk             |       |     4 |     2 ||     6
       Bread ration      |       |     2 |       ||     2
Armor: Leather armour    |     9 |    14 |    55 ||    78
Dodge: Dodged            |    12 |    29 |    98 ||   139
